[Event "Late-Titled-Tuesday-Blitz-December-26-2023"]
[Site "Chess.com"]
[Date "2023.12.26"]
[Round "4"]
[White "giomar27"]
[Black "Thjop"]
[Result "0-1"]
[WhiteElo "2401"]
[BlackElo "2690"]
[TimeControl "180+1"]
[EndTime "14:40:22 PST"]
[Termination "Thjop won by resignation"]

1. e4 e6 2. d4 d5 3. exd5 exd5 4.
Bd3 Nc6 5. c3 Bd6 6. Ne2 Nge7 7.
O-O Bg4 8. f3 Bh5 9. Bf4 Bg6 10.
Na3 a6 11. Nc2 O-O 12. Qd2 Re8 13. Bxg6 Nxg6 14. Bxd6 Qxd6 15. Rae1 Re7 16. Ng3 Rxe1 17. Rxe1 Nce7 18. Ne3 Qd7 19. Ng4 f6 20. Qe3 Re8 21. Qe6+ Qxe6 22. Rxe6 Kf7 23. Re2 Nf4 24. Re3 h5 25.
Nf2 Nc8 26. Rxe8 Kxe8 27. Kf1 Nd6 28. Ne2 Ne6 29. Nd3 g5 30. g3 a5 31. b3 b6 32. Kf2 Kd7 33. Ke3 c5 34. Kd2 Kc6 35. Nb2 Kb5 36. a4+ Kc6 37. Nd3 c4 38. bxc4 Nxc4+ 39. Kc2 Ne3+ 40. Kb3 Nf1 41. h3 Nd2+ 42. Kc2 Nxf3 43.
Nf2 h4 44. gxh4 Nxh4 45. Ng4 f5 46.
Ne5+ Kd6 47. Kd3 Ng2 48. Nf7+ Ke7 49. Ne5 Ngf4+ 50. Ke3 Nxe2 51. Kxe2 Nf4+ 52. Kf3 Nxh3 53. Nc6+ Kd6 54. Ne5 Nf4 55. Nf7+ Ke7 56. Nxg5 Ne6 57. Nh3 Kf6 58. Nf2 Kg5 59. Nd3 f4 60. Ne5 Kf5 61. Nd7 Ng5+ 62. Ke2 f3+ 63. Ke3 Kg4 64. Nxb6 Kg3 65.
Nxd5 f2 66. Ke2 Ne4 67. Ne3 Nxc3+ 68. Kd3 Nxa4 69. Kc4 Nb6+ 70. Kc5 Kf3 71. Nf1 a4 72. Kb4 Ke2 73. Ng3+ Kf3 74. Nf1 Ke4 75. Kb5 a3 76. Kxb6 Kxd4 77. Kb5 a2 0-1

[Event "Late-Titled-Tuesday-Blitz-December-26-2023"]
[Site "Chess.com"]
[Date "2023.12.26"]
[Round "4"]
[White "MFBerna"]
[Black "INLOVEWITHF"]
[Result "0-1"]
[WhiteElo "2379"]
[BlackElo "2537"]
[TimeControl "180+1"]
[EndTime "14:40:22 PST"]
[Termination "INLOVEWITHF won by resignation"]

1. e4 Nc6 2. Nf3 g6 3. d4 Bg7 4.
c3 d6 5. Bc4 Nf6 6. Qe2 O-O 7.
O-O Nd7 8. Bg5 h6 9. Bh4 Qe8 10.
Nbd2 e5 11. Qd3 Kh8 12. Bg3 f5 13. exf5 gxf5 14. Rfe1 e4 15. Qe3 Ne7 16. Nh4 b5 17.
Be6 Nf6 18. Bxc8 Qxc8 19. Qe2 Rb8 20. f3 d5 21. Be5 Qe8 22. Bxc7 Rb7 23. Bd6 Qh5 24.
g3 Ng6 25. Nxg6+ Qxg6 26. Bxf8 Bxf8 27. fxe4 dxe4 28. Rf1 Bd6 29. Qf2 f4 30. Kh1 Ng4 31.
Qe2 fxg3 32. Nxe4 Re7 33. Rf3 Rxe4 34. Qg2 Nxh2 35. Raf1 Nxf3 36. Qxf3 g2+ 37. Qxg2 Qxg2+ 38. Kxg2 Re2+ 39. Rf2 Rxf2+ 40. Kxf2 Kg7 41. Kf3 Kf6 42. Kg4 Kg6 43. b3 h5+ 44. Kf3 Kf5 45. c4 b4 46. Ke3 h4 47. Kf3 h3 48. c5 h2 49. Kg2 Bf4 50. d5 Ke5 51. d6 Ke6 52.
Kh1 Be3 53. Kxh2 Bxc5 54. d7 Kxd7 55. Kg2 Ke6 56. Kf3 Kd5 57. Ke2 Kd4 58. Kd2 Be7 59.
Kc2 Bg5 60. Kb1 Kc3 61. Ka1 Kc2 62. a4 Kxb3 63. Kb1 Kxa4 64. Ka2 Kb5 65. Kb1 a5 66. Ka2 a4 67. Kb1 Kc4 0-1

[Event "Late-Titled-Tuesday-Blitz-December-26-2023"]
[Site "Chess.com"]
[Date "2023.12.26"]
[Round "4"]
[White "ilushka"]
[Black "MikeSailer"]
[Result "1-0"]
[WhiteElo "2447"]
[BlackElo "2190"]
[TimeControl "180+1"]
[EndTime "14:40:23 PST"]
[Termination "ilushka won on time"]

1. e4 d5 2. exd5 Qxd5 3. Nc3 Qd6 4. d4 c6 5. Bc4 Nf6 6. Nge2 Bf5 7. Bf4 Qd8 8. O-O e6 9. a4 Bd6 10. Qd2 a5 11.
Bb3 O-O 12. Ng3 Bg6 13. Rad1 Qc7 14. Bxd6 Qxd6 15. Qg5 Nbd7 16. Rfe1 Nb6 17. h4 h6 18. Qe5 Qxe5 19. dxe5 Nfd5 20. Nce4 Rfd8 21. Nc5 Rab8 22. h5 Bh7 23. c3 Kf8 24. Rd4 Ke7 25. Red1 f6 26.
exf6+ gxf6 27. c4 e5 28. R4d2 Nb4 29. Rxd8 Rxd8 30. Rxd8 Kxd8 31. Nxb7+ Kc7 32. Nxa5 Nd3 33. Bc2 e4 34. b3 f5 35. Bxd3 exd3 36. Nf1 f4 37. Nd2 Nd7 38. b4 Ne5 39. Kf1 Bf5 40. f3 Be6 41. Ke1 Kb6 42. c5+ Kc7 43. Kd1 Bf7 44. Kc1 Bxh5 45. Kb2 Bf7 46. Kc3 h5 47. Kd4 Ng6 48. Kxd3 Nh4 49. Ke4 Nxg2 50. b5 cxb5 51.
axb5 h4 52. b6+ Kb8 53. c6 h3 54. Nf1 Bg6+ 55. Kd5 Bf7+ 56. Kd6 Bh5 57. c7+ 1-0

[Event "Late-Titled-Tuesday-Blitz-December-26-2023"]
[Site "Chess.com"]
[Date "2023.12.26"]
[Round "4"]
[White "Kiborg95"]
[Black "GMBenjaminBok"]
[Result "1/2-1/2"]
[WhiteElo "2831"]
[BlackElo "2964"]
[TimeControl "180+1"]
[EndTime "14:40:25 PST"]
[Termination "Game drawn - insufficient material"]

1. e4 c5 2. Nc3 d6 3. f4 g6 4. Nf3 Bg7 5. Bb5+ Bd7 6. Bc4 Nc6 7. d3 e6 8. f5 Nf6 9. Bf4 d5 10. fxe6 Bxe6 11. exd5 Nxd5 12. Nxd5 Bxd5 13. Qe2+ Kf8 14. c3 Bxc4 15. dxc4 Qe7 16. Qxe7+ Kxe7 17. O-O-O Rhd8 18. Rhe1+ Kf8 19. Bd6+ Kg8 20. Bxc5 b6 21. Bd4 Rac8 22. b3 Re8 23. Bxg7 Kxg7 24. Rxe8 Rxe8 25. Rd6 Re6 26. Rxe6 fxe6 27. Kd2 Kf6 28. Ke3 Ne7 29. g4 h5 30.
h3 hxg4 31. hxg4 Nc8 32. b4 Nd6 33. c5 bxc5 34. bxc5 Nb5 35. Kd3 e5 36. Nd2 Ke6 37. a4 Nc7 38. c4 Na6 39. Ne4 Nb4+ 40. Ke3 Nc2+ 41. Kd3 Nb4+ 42. Kc3 Nc6 43. Nd6 Kf6 44.
Kd3 Ke6 45. Ke4 Nb4 46. Nb5 Na6 47. c6 Nc5+ 48. Ke3 Nxa4 49. Nxa7 Kd6 50. Nc8+ Kxc6 51. Ne7+ Kc5 52. Nxg6 Kxc4 53. Ke4 Nc5+ 54. Kxe5 Nd3+ 55. Kf5 Nf2 56. g5 Kd5 57. Nf4+ Kd6 58. g6 Ke7 59. Nh5 Kf8 60. Nf6 Kg7 61. Ne8+ Kf8 62. Nd6 Nd3 63.
Kf6 Nf4 64. g7+ Kg8 65. Nf5 Nh5+ 66. Kg6 Nxg7 1/2-1/2

[Event "Late-Titled-Tuesday-Blitz-December-26-2023"]
[Site "Chess.com"]
[Date "2023.12.26"]
[Round "4"]
[White "Aariow"]
[Black "Doraemon7"]
[Result "0-1"]
[WhiteElo "2469"]
[BlackElo "2685"]
[TimeControl "180+1"]
[EndTime "14:40:27 PST"]
[Termination "Doraemon7 won by checkmate"]

1. Nf3 d5 2. b3 c6 3. Bb2 Bg4 4. e3 Nd7 5. Be2 e6 6. O-O Ngf6 7. c4 Bd6 8. d4 O-O 9. Nc3 Qe7 10. Re1 Bb4 11. Nd2 Bf5 12. a3 Ba5 13. b4 Bc7 14.
c5 e5 15. b5 e4 16. Nf1 Qe6 17. Ng3 Bg6 18. Qa4 h5 19. Na2 h4 20. Nf1 h3 21. g3 cxb5 22. Qxb5 Rab8 23. Rac1 Qf5 24. Nd2 Bh5 25. Bxh5 Qxh5 26. Nb4 a5 27. Nc2 Qf5 28. Rf1 Rfc8 29. Ne1 Nf8 30. Nb3 Ne6 31. Nxa5 Ng5 32. Nb3 Nf3+ 33. Kh1 Ng4 34. Qe2 Ngxh2 35. Nxf3 Nxf3 36. Nd2 Ng5 37. f3 exf3 38. Nxf3 Qe4 39. Kh2 Ne6 40. Nd2 Qg6 41. Rf3 Ng5 42. Rcf1 Re8 43.
Rf5 Re7 44. Nf3 Ne4 45. Ne5 Qxg3+ 46. Kh1 Bxe5 47. dxe5 Qg6 48. Qf3 Ng3+ 49. Kh2 Nxf5 50. Qxf5 Qxf5 51. Rxf5 b6 52. cxb6 Rxb6 53. Bd4 Rb3 54.
Kxh3 Re6 55. Rf1 Rxa3 56. Kg4 Ra4 57. Kf5 Ra2 58. Rc1 Rf2+ 59. Kg4 Kh7 60. Rh1+ Kg8 61. Rh5 Rg6+ 62. Kh3 Rf3+ 63. Kh2 f6 64. exf6 gxf6 65.
Rxd5 Kf7 66. Rh5 Ke6 67. Rh3 Rf5 68. Kh1 Kd5 69. Rh4 Rf3 70. Rh2 Ke4 71. Rh4+ Kd3 72. Rh2 Rf1# 0-1

[Event "Late-Titled-Tuesday-Blitz-December-26-2023"]
[Site "Chess.com"]
[Date "2023.12.26"]
[Round "4"]
[White "DishonorOnYourCow"]
[Black "Vladimir_Zakhartsov"]
[Result "1/2-1/2"]
[WhiteElo "2562"]
[BlackElo "2874"]
[TimeControl "180+1"]
[EndTime "14:40:28 PST"]
[Termination "Game drawn by repetition"]

1. d4 Nf6 2. c4 g6 3. Nc3 d5 4. cxd5 Nxd5 5. e4 Nxc3 6. bxc3 Bg7 7. Nf3 c5 8. Rb1 O-O 9. Be2 b6 10. O-O Bb7 11. Qd3 Nd7 12. d5 Qc7 13. c4 e6 14.
Bb2 exd5 15. exd5 Bxb2 16. Rxb2 Rfe8 17. Qd2 Qd6 18. Qh6 Ba6 19. Bd3 Qf6 20. Rb3 Re7 21. Ng5 Qg7 22. Qxg7+ Kxg7 23. Ra3 Bb7 24. Ne4 Ne5 25.
Nd6 Rd8 26. Nxb7 Rxb7 27. Be2 f5 28. f4 Nf7 29. Re3 Nd6 30. Bd3 Re8 31. Rfe1 Kf8 32. a4 Rbe7 33. Kf2 Kf7 34. h3 Kf6 35. g4 h6 36. Kf3 Rxe3+ 37. Rxe3 Rxe3+ 38. Kxe3 fxg4 39. hxg4 g5 40. f5 Ke5 41. Bf1 Ne8 42. Bd3 Nf6 43. Be2 Kd6 44. Bf3 Nd7 45. Ke4 Nf6+ 46. Ke3 Ke5 47. Be2 Ne8 48. Bf3 Nd6 49. Be2 a6 50. Bd3 Ne8 51. Be2 Nf6 52. Bf3 Nd7 53. Be2 Kd6 54.
Ke4 Nf6+ 55. Ke3 Ne8 56. Ke4 Nf6+ 57. Ke3 Ke5 58. Bf3 Ne8 59. Be2 Nd6 60. Bd3 Nb7 61.
Be2 Nd8 62. Bd3 Nb7 63. Be2 Na5 64. Bd3 Nb3 65. Be2 Nd4 66. Bd3 Nb3 67. Be2 Na5 68. Bd3 Nb7 1/2-1/2

[Event "Late-Titled-Tuesday-Blitz-December-26-2023"]
[Site "Chess.com"]
[Date "2023.12.26"]
[Round "4"]
[White "sofaceindisguise"]
[Black "Jospem"]
[Result "1-0"]
[WhiteElo "2736"]
[BlackElo "3064"]
[TimeControl "180+1"]
[EndTime "14:40:28 PST"]
[Termination "sofaceindisguise won on time"]

1. c4 c5 2. g3 g6 3. Bg2 Bg7 4. Nc3 Nc6 5. a3 d6 6. Rb1 e6 7. b4 Nge7 8. Nf3 O-O 9. O-O Rb8 10. bxc5 dxc5 11. Bb2 b6 12. d3 Bb7 13. Nb5 e5 14. e3 Qd7 15. Qc2 Rfd8 16. Rfd1 h6 17. Qe2 Rbc8 18.
Ba1 Qe6 19. Nd2 Ba8 20. Nc3 Na5 21. Bxa8 Rxa8 22. e4 Nac6 23. Nd5 Rac8 24. Rf1 Re8 25. Bc3 f5 26. a4 Qd6 27. a5 bxa5 28. Rb7 Rb8 29.
Rfb1 Rxb7 30. Rxb7 Rb8 31. Nxe7+ Nxe7 32. Rxa7 Nc6 33. Ra6 Qd7 34. exf5 gxf5 35. Qf3 Rc8 36. Qd5+ Qxd5 37. cxd5 Nb4 38. d6 Rd8 39. Bxb4 axb4 40. Nc4 Kf7 41. Rc6 Ke6 42. Rxc5 Rb8 43. Rc7 Bf6 44.
d7 Rd8 45. Rc6+ Ke7 46. Rb6 Rxd7 47. Ne3 f4 48. Nf5+ Kf7 49. gxf4 exf4 50. Rxb4 Bg5 51. Nd4 Rd5 52. Kg2 Bf6 53. Rb7+ Kg6 54. Ne2 Kf5 55. Rb4 Rxd3 56. Rxf4+ Ke5 57. Ra4 Rd8 58. Ra6 Bg5 59. Kg3 Rd3+ 60. f3 Re3 61. Ra5+ Ke6 62. Nd4+ Kf7 63. Nf5 Rb3 64. h4 Bd2 65. Ra7+ Kf6 66. Nd6 Be1+ 67. Kg4 h5+ 68. Kxh5 Ke6 69. Ne4 Rxf3 70.
Ng5+ Kf5 71. Nxf3 Bf2 72. Ra5+ Kf4 73. Ra3 Bc5 74. Rb3 Be7 75. Kg6 1-0

[Event "Late-Titled-Tuesday-Blitz-December-26-2023"]
[Site "Chess.com"]
[Date "2023.12.26"]
[Round "4"]
[White "Cipy77"]
[Black "Zapateado"]
[Result "1-0"]
[WhiteElo "2585"]
[BlackElo "2344"]
[TimeControl "180+1"]
[EndTime "14:40:30 PST"]
[Termination "Cipy77 won by checkmate"]

1. a3 c5 2. e4 g6 3. Nf3 Bg7 4. d4 cxd4 5. Nxd4 Nc6 6. Nf3 Nf6 7.
Nc3 O-O 8. Be2 d6 9. O-O h6 10. Re1 Be6 11. Be3 Rc8 12. Nd4 a6 13. Nxe6 fxe6 14.
Bc4 Qd7 15. Ba2 Kh7 16. h3 Ne5 17. Qe2 b5 18. Rad1 Nc4 19. Bc1 Nxa3 20. e5 Ne8 21.
exd6 Nc4 22. dxe7 Qxe7 23. Nd5 Qf7 24. Nf4 e5 25. Nd5 Ned6 26. c3 Rcd8 27. Bb1 Nf5 28. Ne3 Nfxe3 29. Bxe3 Kh8 30. Bc1 Rxd1 31. Rxd1 Qf6 32.
b3 Nd6 33. Be3 Nf5 34. Bc5 Rc8 35. b4 a5 36. Qg4 axb4 37. cxb4 Re8 38. Be4 h5 39. Qe2 Nd4 40. Qd3 Re6 41. Bd5 Ra6 42. Bxd4 exd4 43. Qxb5 Rb6 44. Qe8+ Kh7 45. b5 Qf8 46. Qxf8 Bxf8 47. Bc6 Bg7 48. Kf1 g5 49. Ke2 Kg6 50. Kd3 Kf5 51. Kc4 Rb8 52. Kc5 Bf8+ 53.
Kxd4 g4 54. hxg4+ hxg4 55. Rb1 Bg7+ 56. Kc5 Bf8+ 57. Kc4 Bd6 58. b6 g3 59. Kd5 Kf4 60.
Kxd6 gxf2 61. Kc7 Rf8 62. b7 Ke3 63. Bd7 Ke2 64. Bc8 Rf7+ 65. Bd7 Rf8 66. Rb2+ Ke1 67. Rxf2 Kxf2 68. g4 Kg3 69. g5 Rg8 70. b8=Q Rxb8 71.
Kxb8 Kf4 72. g6 Kg5 73. g7 Kh6 74. g8=Q Kh5 75. Qg4+ Kh6 76. Kc7 Kh7 77. Kd6 Kh8 78. Ke7 Kh7 79. Kf6 Kh8 80. Qg7# 1-0

[Event "Late-Titled-Tuesday-Blitz-December-26-2023"]
[Site "Chess.com"]
[Date "2023.12.26"]
[Round "4"]
[White "Rakitic2010"]
[Black "enriquetejedor"]
[Result "0-1"]
[WhiteElo "2523"]
[BlackElo "2758"]
[TimeControl "180+1"]
[EndTime "14:40:32 PST"]
[Termination "enriquetejedor won by resignation"]

1. e4 d6 2. d4 Nf6 3. Nc3 c6 4. Nf3 Bg4 5. Be2 Nbd7 6. Be3 e5 7. h3 Bxf3 8. Bxf3 Be7 9. O-O O-O 10. Re1 b5 11.
Ne2 Nb6 12. b3 Qc7 13. Ng3 Rfe8 14. Nf5 Bf8 15. Qd2 Rad8 16. Rad1 Nbd7 17. Qc3 a5 18. a4 b4 19. Qb2 c5 20. d5 Nb6 21. Bg5 Nbd7 22. Be2 Rc8 23. Bb5 Be7 24. Rd3 Bd8 25.
Rg3 Nh5 26. Rg4 Kh8 27. Qc1 Rg8 28. Rh4 g6 29. Bxd8 Rcxd8 30. Bxd7 Qxd7 31. Qh6 f6 32. Rxh5 Rdf8 33. Rh4 gxf5 34. f3 f4 35. Kf2 Qg7 36.
Qxg7+ Rxg7 37. Rg1 Rfg8 38. Rg4 h5 39. Rxg7 Rxg7 40.
h4 Rg3 41. Rh1 Kh7 42. Rh3 Rg8 43. g3 fxg3+ 44. Rxg3 Rc8 45. f4 exf4 46. Rf3 c4 47. Ke2 cxb3 48. cxb3 Rc2+ 49. Kd1 Rh2 50. Rxf4 Kg6 51.
Rf3 Rxh4 52. Rg3+ Rg4 53. Re3 Kf7 54. Kd2 Kg6 55. Kd3 Kg5 56. Kc4 h4 57. Kb5 Rg3 58. Re1 Rxb3 59. Kxa5 h3 60. Kb5 Kg4 61. a5 Kg3 62. a6 Ra3 63. Kb6 h2 64. Kc6 Rxa6+ 65. Kd7 b3 66. Ke6 Kg2 0-1

[Event "Late-Titled-Tuesday-Blitz-December-26-2023"]
[Site "Chess.com"]
[Date "2023.12.26"]
[Round "4"]
[White "HalfIsCrayfish"]
[Black "EsmeraldasAnderson03"]
[Result "1-0"]
[WhiteElo "2610"]
[BlackElo "2396"]
[TimeControl "180+1"]
[EndTime "14:40:32 PST"]
[Termination "HalfIsCrayfish won on time"]

1. Nh3 Nf6 2. g3 g6 3. Bg2 Bg7 4. O-O O-O 5. e4 d6 6. f3 e5 7. d3 Nc6 8. Be3 h6 9. Nf2 Kh7 10. f4 Ng8 11. Nc3 f5 12. Qd2 Nf6 13. Rae1 Be6 14.
Nd5 Qd7 15. Nxf6+ Rxf6 16. c4 Raf8 17. b3 R6f7 18. h4 b6 19. Kh2 Nd4 20. Bxd4 exd4 21. exf5 Bxf5 22. Bd5 Re7 23. Rxe7 Qxe7 24. Re1 Qd7 25.
Qe2 c6 26. Bf3 Rf6 27. Ne4 Re6 28. g4 Bxe4 29. dxe4 c5 30. Qd3 Qf7 31. f5 gxf5 32. gxf5 Be5+ 33. Kh1 Re8 34. Qe2 Rg8 35. Rg1 Qf6 36.
Qf2 Rxg1+ 37. Kxg1 d3 38. Kg2 Bf4 39. Bh5 Qe5 40. Kf3 d2 41. Qe2 Kg7 42. Qg2+ Kf8 43. Qe2 Ke7 44. Qd3 Kf6 45. Kg2 Qd4 46. Qxd4+ cxd4 47.
Kf1 Ke5 48. Bf3 Bg3 49. Ke2 Bf4 50. Kd3 a5 51. a3 Be3 52. b4 a4 53. h5 Kf6 54. Bd1 Kg5 55. Bxa4 Kxh5 56. Bd1+ Kg5 57. Ke2 h5 58. Kf3 h4 59. a4 Bf4 60. a5 bxa5 61.
bxa5 h3 62. a6 d5 63. cxd5 Bb8 64. d6 h2 65. Kg2 Bxd6 66. a7 1-0

[Event "Late-Titled-Tuesday-Blitz-December-26-2023"]
[Site "Chess.com"]
[Date "2023.12.26"]
[Round "4"]
[White "TimGrutter03"]
[Black "FontVella8"]
[Result "0-1"]
[WhiteElo "2541"]
[BlackElo "2771"]
[TimeControl "180+1"]
[EndTime "14:40:33 PST"]
[Termination "FontVella8 won by checkmate"]

1. e4 c6 2. d4 d5 3. e5 Bf5 4. Ne2 e6 5. Ng3 Bg6 6. h4 h6 7.
h5 Bh7 8. Bd3 Bxd3 9. Qxd3 c5 10. c3 Nc6 11. O-O Qb6 12. Rd1 Rc8 13. a3 cxd4 14.
cxd4 Qxd4 15. Qxd4 Nxd4 16. Nc3 Nb3 17. Rb1 Ne7 18.
Be3 Nc6 19. Nge2 a6 20. f4 Bc5 21. Bxc5 Nxc5 22. b4 Nd7 23. Na4 b5 24. Nb2 Ke7 25.
Nd3 Rc7 26. Nec1 Nd4 27. Nb3 Ne2+ 28. Kf2 Nc3 29. Rdc1 Ne4+ 30. Ke3 Rhc8 31. Nbc5 Ndxc5 32. bxc5 Nxc5 33. Nb4 f6 34. exf6+ gxf6 35. g4 d4+ 36. Kf3 Kd6 37. Rd1 e5 38. g5 hxg5 39. fxg5 fxg5 40. Kg4 Ne4 41. Re1 Nc3 42. Rb2 Rf7 43. h6 Rf4+ 44. Kxg5 Rg8+ 45. Kh5 Rf5+ 46. Kh4 Rf6 47. Kh5 Rh8 48.
Nxa6 Rhxh6+ 49. Kg5 Rhg6+ 50. Kh4 Rf8 51. Kh5 Rg7 52.
Kh6 Rg3 53. Kh7 Rf4 54. Rh1 d3 55. Rh6+ Ke7 56. Nb4 Rf7+ 57. Kh8 Rf8+ 58. Kh7 Ne4 59. Nc6+ Ke8 60. Nxe5 Nf6+ 61. Rxf6 Rxf6 62. Rxb5 Rd6 63.
Rb8+ Ke7 64. Rb7+ Ke6 65. Nc4 d2 66. Nxd6 d1=Q 67. Ne4 Qh5# 0-1

[Event "Late-Titled-Tuesday-Blitz-December-26-2023"]
[Site "Chess.com"]
[Date "2023.12.26"]
[Round "4"]
[White "Fore_Man"]
[Black "kingofthenil"]
[Result "0-1"]
[WhiteElo "2400"]
[BlackElo "2679"]
[TimeControl "180+1"]
[EndTime "14:40:36 PST"]
[Termination "kingofthenil won by resignation"]

1. Nf3 d5 2. d4 Bf5 3. g3 e6 4. Bg2 Nc6 5. O-O Nb4 6. Na3 Be7 7. c3 Nc6 8. Nc2 Be4 9. Nce1 h5 10. h4 Nf6 11. Nd3 Ng4 12. Bg5 f6 13. Bd2 g5 14.
hxg5 fxg5 15. Nc5 Bxc5 16. dxc5 Rg8 17. Qa4 h4 18. Nd4 Bxg2 19. Nxc6 bxc6 20. Qxg4 Bxf1 21. Qxe6+ Kf8 22. Rxf1 Qe7 23. Qxc6 Rd8 24. Qh6+ Qg7 25. Bxg5 Qxh6 26. Bxh6+ Kf7 27. Bf4 c6 28. e3 Ke6 29.
Kg2 Rh8 30. Re1 Rdg8 31. e4 dxe4 32. Rxe4+ Kd5 33. Re5+ Kc4 34. Rf5 Rg6 35. Be5 Rh7 36. b3+ Kd3 37. Bf4 Kxc3 38. Re5 Kb2 39. Re2+ Ka3 40.
Bc1+ Kb4 41. Re4+ Kxc5 42. Be3+ Kb5 43. a4+ Ka6 44. b4 Kb7 45. Rf4 hxg3 46. fxg3 Re6 47. Rf3 Re4 48. Bc5 a5 49. bxa5 Rxa4 50. Bb6 Ra2+ 51. Kg1 Rd7 52. Rf1 Rdd2 53. Rf2 Rxf2 54. Bxf2 Rxa5 55. g4 Ra4 56. g5 Rg4+ 57. Kf1 Rxg5 58.
Ke2 Rd5 59. Be3 Ka6 60. Bd2 Kb5 61. Kd1 Kc4 62. Kc2 Rd3 63. Bc1 Rg3 64. Bf4 Rg2+ 65. Kd1 c5 66. Be5 Kd3 67. Kc1 c4 68. Bf4 c3 69.
Kb1 Rf2 70. Bg5 Rf1+ 71. Ka2 c2 72. Kb2 Rb1+ 73. Ka2 c1=Q 74. Bxc1 Rxc1 0-1

[Event "Late-Titled-Tuesday-Blitz-December-26-2023"]
[Site "Chess.com"]
[Date "2023.12.26"]
[Round "4"]
[White "DinaBelenkaya"]
[Black "Mikhail_Golubev"]
[Result "0-1"]
[WhiteElo "2396"]
[BlackElo "2624"]
[TimeControl "180+1"]
[EndTime "14:40:37 PST"]
[Termination "Mikhail_Golubev won by checkmate"]

1. Nf3 d6 2. g3 g6 3. e4 c5 4. Bg2 Nf6 5. d3 Bg7 6. O-O O-O 7. c3 c4 8. Re1 cxd3 9. Qxd3 Nbd7 10. Nbd2 Nc5 11.
Qe2 a6 12. a4 Qc7 13. b4 Ncd7 14.
Bb2 b6 15. c4 Bb7 16. Rac1 Rac8 17. Nd4 Qb8 18. f4 e5 19. N4b3 exf4 20. gxf4 Rfe8 21. Qd3 b5 22. cxb5 Rxc1 23. Bxc1 axb5 24. Qxb5 Qa7+ 25. Kh1 Ng4 26. Nc5 dxc5 27. Qxd7 Nf6 28. Qb5 cxb4 29.
e5 Bxg2+ 30. Kxg2 Qa8+ 31. Nf3 Nd5 32. Rd1 Nc3 33. Qd3 Nxd1 34. Qxd1 Qe4 35. a5 Rc8 36. a6 Ra8 37. Qa4 Qe2+ 38. Kg3 Qxa6 39. Qb3 Qa4 40.
Qd5 Qe8 41. Ng5 Rd8 42. Qc4 Rc8 43. Qf1 h6 44. Ne4 Qe6 45. Be3 b3 46. Qb5 Rc2 47. Qb8+ Kh7 48. Bd4 Qd5 49. Kf3 Qxd4 50. Qxb3 Rb2 51.
Qe3 Qxe3+ 52. Kxe3 Rb3+ 53. Kd4 Rb4+ 54. Kd5 Rxe4 55.
Kxe4 Kg8 56. h3 Kf8 57. Kd5 Ke7 58. Kd4 Ke6 59. Ke4 f6 60. Ke3 f5 61. Kf3 g5 62. fxg5 hxg5 63. h4 g4+ 64. Kf4 Bxe5+ 65.
Ke3 g3 66. Kf3 f4 67. h5 Kf5 68. h6 Bf6 69. h7 Be5 70. Kg2 Bh8 71. Kf3 Bg7 72. Kg2 Kg4 73. Kf1 f3 74. Kg1 g2 75.
Kh2 Be5+ 76. Kg1 Bd4+ 77. Kh2 g1=Q# 0-1

[Event "Late-Titled-Tuesday-Blitz-December-26-2023"]
[Site "Chess.com"]
[Date "2023.12.26"]
[Round "4"]
[White "ilya2700"]
[Black "Nathan_Filgueiras"]
[Result "1-0"]
[WhiteElo "2369"]
[BlackElo "2567"]
[TimeControl "180+1"]
[EndTime "14:40:38 PST"]
[Termination "ilya2700 won by resignation"]

1. e4 c5 2. c4 Nc6 3. Ne2 e5 4. Nbc3 g6 5. d3 Bg7 6. g3 h5 7. h4 d6 8. Bg2 Bg4 9. Be3 Nge7 10. Qd2 Nd4 11. O-O Nf3+ 12. Bxf3 Bxf3 13. Nd5 Nxd5 14.
cxd5 O-O 15. Kh2 b5 16. Ng1 Bg4 17. Bh6 a5 18. Bxg7 Kxg7 19. f4 f6 20. Nf3 a4 21.
fxe5 fxe5 22. Ng5 Qd7 23. Qg2 a3 24. bxa3 Qa7 25. Rxf8 Rxf8 26. Rf1 Qa8 27. Rf2 Rxf2 28. Qxf2 Qf8 29. Qb2 Bd7 30. Kg2 Qa8 31. Qf2 Qf8 32. Qb2 Qe8 33. Qf2 Bg4 34. Qb2 Qd7 35. Qf2 Qe7 36. Qb2 Bd7 37. Qf2 Qe8 38. Qb2 Qe7 39.
Qf2 Be8 40. Ne6+ Kg8 41. Qe3 Bf7 42. Ng5 Be8 43. Ne6 Bd7 44. Ng5 Qf8 45. Qd2 Qa8 46.
Qf2 Qf8 47. Qb2 Be8 48. Ne6 Qe7 49. Qf2 Bd7 50. Ng5 Bc8 51. Qb2 Ba6 52. Qf2 b4 53.
axb4 cxb4 54. Qb6 Bxd3 55. Qxb4 Ba6 56. Qb8+ Kg7 57. Ne6+ Kh7 58. Qc7 Qxc7 59. Nxc7 Bd3 60. Kf3 Kg7 61. a4 Kf7 62. a5 Ke7 63. a6 Kd7 64. a7 1-0

[Event "Late-Titled-Tuesday-Blitz-December-26-2023"]
[Site "Chess.com"]
[Date "2023.12.26"]
[Round "4"]
[White "Byniolus"]
[Black "prime-morty"]
[Result "1-0"]
[WhiteElo "2811"]
[BlackElo "2543"]
[TimeControl "180+1"]
[EndTime "14:40:39 PST"]
[Termination "Byniolus won by resignation"]

1. d4 d6 2. Nf3 g6 3. Bf4 Bg7 4. e3 Nd7 5. h3 e5 6. Bh2 exd4 7. exd4 Ne7 8. Be2 O-O 9. O-O Nf5 10. c3 Re8 11. Nbd2 Nh4 12. Re1 Nb6 13. Nxh4 Qxh4 14. Bf3 Qd8 15. a4 Rb8 16. a5 Nd7 17. Nc4 Nf8 18.
Qd2 Rxe1+ 19. Rxe1 a6 20. b4 Ne6 21. Bg3 Ng5 22.
Bd1 Be6 23. Bb3 Bd5 24. Qd3 Qf6 25. Nd2 Bxb3 26. Nxb3 h5 27. Nd2 Ne6 28. Qf3 Qxf3 29. Nxf3 d5 30. Be5 Bh6 31. g4 hxg4 32. hxg4 Rc8 33.
Kg2 c6 34. Kg3 Ng5 35. Nxg5 Bxg5 36. f4 Bh6 37. g5 Bg7 38. Bxg7 Kxg7 39. Re7 Rb8 40. Rc7 Kf8 41. f5 gxf5 42. Kf4 Kg7 43. Kxf5 b6 44. axb6 Rxb6 45. g6 Kg8 46. Rxf7 a5 47.
bxa5 Ra6 48. Rc7 Rxa5 49. Kf6 Ra8 50. Rxc6 Rd8 51. Kg5 Re8 52. Kh6 Rd8 53. Rc7 Kf8 54. Rh7 Kg8 55. Rc7 Kf8 56. Rg7 Rc8 57. Rf7+ Kg8 58.
Rd7 Kf8 59. Rxd5 Rxc3 60. g7+ Kf7 61. Rf5+ Ke6 62. g8=Q+ Kxf5 63. Qg6+ Kf4 64. Qg5+ Ke4 65. Qe5+ Kd3 66. d5 Rc4 67. d6 Rh4+ 68. Kg5 Rd4 69.
Qxd4+ 1-0

[Event "Late-Titled-Tuesday-Blitz-December-26-2023"]
[Site "Chess.com"]
[Date "2023.12.26"]
[Round "4"]
[White "sebastianmarinp"]
[Black "marvinguevara"]
[Result "1/2-1/2"]
[WhiteElo "2453"]
[BlackElo "2240"]
[TimeControl "180+1"]
[EndTime "14:40:39 PST"]
[Termination "Game drawn by repetition"]

1. d4 Nf6 2. c4 e6 3. Nf3 Bb4+ 4. Bd2 Qe7 5. a3 Bxd2+ 6. Qxd2 d5 7. e3 O-O 8. Nc3 b6 9. cxd5 exd5 10. Bd3 Bb7 11. O-O Ne4 12. Qc2 Nd7 13. Rac1 Ndf6 14. Ne5 c5 15.
Na4 Rac8 16. Qe2 c4 17. Bb1 b5 18. Nc3 Nxc3 19. Rxc3 a5 20. f4 b4 21. axb4 axb4 22. Rcc1 c3 23. bxc3 bxc3 24. Bd3 Ne4 25. Bxe4 dxe4 26.
Qa2 Ra8 27. Qb3 Ra3 28. Qb6 Rc8 29. Rc2 Ba6 30. Rfc1 Bd3 31. Nc6 Qc7 32. Qxc7 Rxc7 33. Rxc3 Rxc3 34. Rxc3 h5 35. Rc5 h4 36. Ne5 Rb7 37. h3 Rb1+ 38. Kh2 Re1 39. Rc8+ Kh7 40. Nxf7 Rxe3 41. Ng5+ Kg6 42. d5 Bf1 43. d6 Bb5 44. Rc5 Bd7 45. Rc7 Bf5 46. Re7 Rd3 47. Nxe4 Bxe4 48.
Rxe4 Rxd6 49. Re5 Rd4 50. Rg5+ Kf6 51. Rg4 Kf5 52. Rxh4 g5 53. g4+ Kxf4 54. Rh8 Rd2+ 55. Kg1 Kg3 56. Kf1 Rh2 57. Rh5 Kf4 58. Kg1 Rb2 59. Kf1 Rh2 60. Kg1 Ra2 61. Kf1 Rb2 62.
h4 Kxg4 63. Rxg5+ Kxh4 64. Rg8 Ra2 65. Ke1 Rb2 66. Kd1 Ra2 67. Rh8+ Kg4 68. Rg8+ Kh4 69.
Rh8+ Kg4 70. Rg8+ Kh4 1/2-1/2

[Event "Late-Titled-Tuesday-Blitz-December-26-2023"]
[Site "Chess.com"]
[Date "2023.12.26"]
[Round "4"]
[White "ChessLebaneseSalah"]
[Black "Jesusesmifuerza"]
[Result "1/2-1/2"]
[WhiteElo "2438"]
[BlackElo "2195"]
[TimeControl "180+1"]
[EndTime "14:40:39 PST"]
[Termination "Game drawn - timeout vs insufficient material"]

1. e4 e5 2. Nf3 d5 3. exd5 e4 4. Qe2 Nf6 5. d3 Qxd5 6. Nc3 Bb4 7. dxe4 Bxc3+ 8. bxc3 Qxe4 9. Ba3 Bf5 10. Nd4 Bg6 11.
Nb5 Na6 12. Rd1 Qxe2+ 13. Bxe2 Bxc2 14. Rd2 Ba4 15. O-O c5 16. Nd6+ Ke7 17. Nxb7 Ne4 18. Rd5 Nxc3 19. Re5+ Kf6 20. Bxa6 Kxe5 21. Nxc5 Bb5 22.
Re1+ Kf5 23. Bb7 Rae8 24. Ra1 Nxa2 25. g4+ Kxg4 26. f3+ Kh3 27. Rxa2 Re1+ 28. Kf2 Rhe8 29. Be4 Rf1+ 30. Ke3 f5 31. Rb2 a6 32. Bb4 fxe4 33.
Nxe4 Bc6 34. Ke2 Rg1 35. Kd3 Bxe4+ 36. fxe4 Rg2 37. Rb1 Rxh2 38. Bd6 Rg2 39. Rh1+ Kg4 40. Rxh7 g6 41. e5 Re6 42. Ra7 Kf5 43. Rxa6 Rg3+ 44. Ke2 Rg4 45. Ra3 Re4+ 46. Kf3 Rf4+ 47. Kg3 Rg4+ 48.
Kf2 Rf4+ 49. Ke2 Re8 50. Ra7 Ke6 51. Ra6 Kf5 52. Ra7 Kg4 53. Rg7 g5 54. Ke3 Ra4 55. Rg6 Ra2 56. Rg7 Ra4 57. Kd3 Rf4 58. Rh7 Rf3+ 59.
Kd4 Rh3 60. Rg7 Rf3 61. Be7 Rf4+ 62. Kd5 Rf5 63. Ke6 Rf3 64. Kd7 Ra8 65. e6 Ra7+ 66. Ke8 Rb3 67. Bd8 Rxg7 68. e7 Rg6 69.
Kf7 Re3 70. Kxg6 Kh4 71. e8=Q Rxe8 72. Bxg5+ 1/2-1/2